Map: Lightshade LE

Players

Yakamaru - Winner!

  • Race: Protoss Protoss
  • League: Master

Tangerine

  • Race: Terran Terran
  • League: Diamond

VOD

Have the link to the VOD?

Description

Time

  • Played on: Sept. 16, 2021, 1:45 a.m.
  • Length: 15:31
Show
View Real Time Build Order
Export as new Build Order

Yakamaru Protoss - Winner!

Build Orders: 1 Gate Expand, Blink Stalkers 

Get SALT Encoding   

  12  0:00  Probe  
  13  0:12  Probe  
  14  0:17  Pylon  
  14  0:24  Probe  
  15  0:36  Probe (Chrono Boost)  
  15  0:37  Gateway  
  16  0:45  Assimilator  
  16  0:47  Probe (Chrono Boost)  
  17  0:52  Probe (Chrono Boost)  
  18  1:04  Probe  
  19  1:21  Nexus  
  19  1:31  Cybernetics Core  
  19  1:35  Probe  
  20  1:40  Assimilator  
  20  1:47  Probe  
  21  1:55  Pylon  
  21  1:59  Probe  
  22  2:08  Twilight Council  
  22  2:13  Stalker  
  22  2:15  Warp Gate  
  24  2:19  Probe  
  25  2:48  Blink (Chrono Boost)  
  25  2:52  Nexus  
  25  2:55  Probe  
  26  3:08  Probe  
  26  3:09  Probe  
  28  3:13  Stalker (Chrono Boost)  
  30  3:21  Pylon  
  30  3:28  Gateway  
  30  3:32  Probe  
  30  3:33  Probe  
  32  3:36  Stalker (Chrono Boost)  
  34  3:46  Shield Battery  
  34  3:48  Probe x2  
  36  4:00  Probe x2  
  38  4:07  Stalker  
  38  4:09  Gateway  
  40  4:11  Probe  
  40  4:12  Probe  
  40  4:13  Probe  
  43  4:23  Probe  
  44  4:29  Gateway x2  
  44  4:32  Charge (Chrono Boost)  
  44  4:36  Probe, Forge  
  45  4:38  Probe  
  45  4:45  Stalker  
  48  4:48  Stalker  
  50  5:05  Stalker  
  52  5:10  Stalker  
  46  5:19  Stalker  
  41  5:22  Protoss Ground Weapons Level 1 (Chrono Boost)  
  41  5:25  Probe (Chrono Boost)  
  41  5:26  Probe (Chrono Boost)  
  44  5:32  Probe (Chrono Boost)  
  44  5:35  Probe x2 (Chrono Boost)  
  46  5:38  Templar Archives  
  46  5:39  Probe (Chrono Boost)  
  46  5:40  Probe x2 (Chrono Boost)  
  46  5:41  Assimilator  
  49  5:43  Assimilator  
  49  5:50  Probe, Stalker  
  49  5:52  Probe x2  
  49  5:54  Stalker  
  56  6:02  Probe, Zealot  
  56  6:04  Probe x2  
  60  6:05  Zealot  
  60  6:08  Zealot  
  65  6:14  Probe  
  65  6:15  Zealot  
  68  6:21  Pylon  
  68  6:22  Pylon  
  68  6:40  Zealot x5  
  69  6:54  Probe x2 (Chrono Boost)  
  66  6:56  Psionic Storm  
  66  6:58  Probe (Chrono Boost)  
  66  7:05  Probe x2 (Chrono Boost), High Templar x2  
  73  7:08  Probe (Chrono Boost)  
  73  7:09  Probe x2 (Chrono Boost)  
  75  7:18  Probe  
  75  7:20  Probe x2  
  76  7:29  Stalker x3  
  80  7:30  Probe (Chrono Boost)  
  80  7:32  Probe (Chrono Boost)  
  80  7:36  Pylon  
  80  7:37  Probe (Chrono Boost)  
  83  7:38  Pylon  
  83  7:41  Protoss Ground Weapons Level 2 (Chrono Boost)  
  83  7:42  Probe (Chrono Boost)  
  83  7:43  Probe (Chrono Boost), Assimilator  
  85  7:44  Assimilator  
  85  7:53  Probe x2  
  85  7:54  Probe, Robotics Facility  
  85  7:56  Pylon  
  85  7:57  Pylon  
  88  8:05  Probe  
  89  8:06  Probe x2, Gateway  
  89  8:08  Gateway  
  91  8:14  High Templar x2  
  91  8:17  Probe, Zealot x2  
  91  8:18  Probe x2  
  102  8:27  Stalker  
  102  8:29  Probe  
  102  8:31  Pylon  
  102  8:33  Pylon  
  105  8:38  Stalker x2  
  109  8:47  Zealot x2  
  113  8:55  Gateway  
  113  8:57  Zealot, Gateway  
  113  8:59  Probe x2  
  117  9:13  Nexus  
  111  9:22  Zealot x4  
  111  9:23  Zealot x3  
  83  9:40  Observer (Chrono Boost)  
  83  9:43  Stalker x2  
  83  9:44  Zealot x5  
  90  9:53  Stalker x2  
  94  10:01  Pylon, Warp Prism (Chrono Boost)  
  94  10:03  Pylon  
  94  10:05  Pylon, High Templar x3  
  94  10:06  High Templar  
  104  10:20  Zealot x3  
  104  10:21  Zealot x2  
  114  10:26  Assimilator  
  114  10:28  Probe, Assimilator  
  114  10:36  Protoss Ground Weapons Level 3 (Chrono Boost)  
  114  10:40  Probe  
  115  10:47  Forge  
  115  10:48  Zealot x2  
  115  10:49  Stalker x5  
  129  10:52  Probe  
  129  10:56  Robotics Bay  
  130  11:11  Robotics Facility  
  130  11:16  Stalker x5  
  130  11:17  Stalker x3  
  146  11:24  Probe x3  
  149  11:30  Gateway  
  149  11:33  Gateway  
  149  11:34  Gateway  
  149  11:39  Probe  
  150  11:42  Zealot x3  
  124  11:55  Zealot x6  
  130  12:10  Gateway  
  130  12:16  Gateway  
  122  12:25  Zealot x3  
  122  12:26  Zealot  
  122  12:28  Zealot x6  
  130  12:41  Zealot x2  
  128  12:50  Stalker x6  
  116  12:52  Observer  
  109  13:02  Zealot x6  
  113  13:14  Zealot x4  
  113  13:15  Zealot x2  
  113  13:16  High Templar x2  
  127  13:21  Archon  
  127  13:22  Protoss Shields Level 1 (Chrono Boost)  
  121  13:34  Zealot x2  
  121  13:35  Zealot x4  
  121  13:37  Zealot x4  
  115  13:45  Stalker x4, Zealot  
  115  13:46  High Templar x4  
  115  13:47  High Templar x3  
  123  13:51  Archon x2  
  123  13:52  Archon  
  123  13:53  High Templar x2  
  129  14:07  High Templar  
  129  14:18  Colossus (Chrono Boost)  
  129  14:19  Nexus  
  129  14:21  Colossus (Chrono Boost)  
  139  14:38  Robotics Facility  
  139  14:42  Zealot x4  
  139  14:43  Stalker x6  
  139  14:44  Stalker x2  
  163  14:48  Pylon  
  175  15:17  Pylon  
  175  15:18  Pylon  
  175  15:19  Pylon  
  175  15:22  Pylon  
Show
View Real Time Build Order
Export as new Build Order

Tangerine Terran 

Build Orders:  

Get SALT Encoding   

  12  0:00  SCV  
  13  0:12  SCV  
  14  0:17  Supply Depot  
  14  0:24  SCV  
  15  0:38  SCV  
  15  0:40  Barracks  
  16  0:48  Refinery  
  16  0:50  SCV  
  17  1:03  SCV  
  18  1:15  SCV  
  19  1:27  Orbital Command  
  19  1:31  Barracks Reactor  
  19  1:37  Command Center  
  19  1:45  Supply Depot  
  19  1:53  SCV  
  20  2:01  Barracks  
  20  2:05  SCV  
  20  2:07  Marine  
  22  2:09  Marine  
  23  2:17  SCV  
  23  2:20  Bunker  
  24  2:27  Barracks  
  24  2:28  Marine  
  25  2:31  SCV  
  25  2:34  Marine  
  27  2:43  SCV  
  28  2:46  Marine  
  28  2:48  Barracks Tech Lab  
  29  2:51  Marine  
  29  2:52  Orbital Command  
  30  2:59  SCV  
  31  3:07  Engineering Bay  
  31  3:09  Stimpack  
  31  3:11  SCV  
  32  3:14  Marauder  
  32  3:15  Barracks Tech Lab  
  34  3:20  SCV  
  34  3:23  Marine, SCV  
  34  3:24  Marine  
  38  3:32  SCV  
  38  3:33  Terran Infantry Weapons Level 1  
  39  3:35  Concussive Shells, SCV  
  39  3:39  Marauder  
  42  3:42  Marine x2  
  42  3:46  Supply Depot  
  44  3:50  SCV x2  
  46  4:02  Supply Depot  
  46  4:07  Marine x2  
  46  4:08  Marauder x2, SCV x2  
  54  4:17  Supply Depot  
  54  4:20  SCV x2  
  56  4:25  Marine x2  
  56  4:29  Marauder x2  
  62  4:32  SCV x2  
  62  4:33  Supply Depot  
  64  4:43  Marine x2  
  66  4:46  SCV  
  66  4:48  Refinery  
  66  4:49  Refinery  
  66  4:51  Marauder x2  
  71  4:56  SCV  
  71  4:58  SCV  
  73  5:01  Marine x2  
  72  5:12  Marauder x2  
  67  5:19  Marine  
  61  5:24  SCV x2  
  61  5:27  Barracks  
  61  5:28  Barracks  
  56  5:30  Marine  
  56  5:33  Marauder x2  
  61  5:36  Marine  
  61  5:41  Factory  
  61  5:42  SCV x2  
  64  5:45  Refinery  
  64  5:48  Combat Shield  
  64  5:51  Marine  
  64  5:54  Marine, SCV x2  
  64  5:55  Marauder  
  70  5:57  Supply Depot  
  70  6:01  Marauder  
  72  6:06  SCV x2  
  72  6:08  Terran Infantry Armor Level 1  
  74  6:14  Barracks Tech Lab  
  74  6:15  Barracks Reactor  
  74  6:16  Marauder  
  76  6:21  SCV x2  
  76  6:22  Command Center  
  78  6:30  Factory Reactor  
  78  6:32  Starport  
  78  6:37  Marauder x2  
  78  6:50  Marine x2, Marauder  
  67  6:56  Marine x2  
  67  6:58  SCV x2  
  67  6:59  Marauder x2  
  73  7:01  Armory  
  73  7:02  Engineering Bay  
  73  7:08  Marine x2  
  73  7:12  Marauder  
  73  7:14  Marine x2  
  75  7:17  Bunker  
  75  7:20  Marine, Marauder  
  78  7:28  Marine x2  
  80  7:30  Medivac x2  
  80  7:32  Factory Reactor, Supply Depot  
  80  7:33  Marauder  
  86  7:38  Marauder, SCV x2  
  86  7:41  Marauder  
  92  7:45  Marine x2  
  92  7:46  Marine  
  92  7:50  SCV x2  
  97  7:54  Orbital Command, Marauder  
  99  7:59  Marauder  
  99  8:00  Medivac x2, Supply Depot  
  99  8:02  SCV x2  
  99  8:03  Marauder  
  99  8:04  Supply Depot  
  109  8:11  Terran Infantry Weapons Level 2  
  109  8:14  SCV x2  
  109  8:15  Refinery x2  
  109  8:17  Marine x4, Marauder  
  117  8:22  Widow Mine, Marauder, SCV  
  117  8:23  Widow Mine  
  117  8:24  Marine  
  117  8:26  SCV  
  126  8:28  Supply Depot  
  126  8:32  Supply Depot  
  126  8:37  Marine x2  
  126  8:38  Marauder  
  126  8:39  SCV x2  
  132  8:43  Marine  
  133  8:50  Marine, Marauder x2  
  133  8:55  Marine x2  
  140  8:59  Ghost Academy  
  140  9:00  Marauder  
  140  9:01  Marine  
  143  9:08  Marine  
  144  9:12  Marine x2, Marauder x2  
  149  9:19  Marine  
  149  9:21  Marauder  
  134  9:30  Marine  
  116  9:33  Marauder x2  
  116  9:36  Marine x2  
  102  9:43  Marauder  
  102  9:45  Marine  
  100  9:52  SCV  
  100  9:54  Marauder x2  
  100  9:55  Terran Infantry Armor Level 2  
  100  9:56  Enhanced Shockwaves  
  100  9:59  SCV x2  
  106  10:03  Factory  
  106  10:04  Medivac, Widow Mine x2, Marauder  
  112  10:07  Command Center  
  112  10:13  Marine  
  112  10:14  Marine x3  
  112  10:16  Marauder  
  112  10:18  SCV x2  
  120  10:23  Medivac  
  120  10:25  Marauder  
  124  10:31  Ghost  
  124  10:32  Marine  
  124  10:33  Marine  
  124  10:34  Medivac  
  128  10:36  Ghost  
  128  10:37  SCV x2  
  132  10:43  Terran Infantry Weapons Level 3  
  132  10:46  Ghost  
  134  10:52  Marine x2  
  134  10:53  Medivac  
  138  10:58  Marine x2  
  138  11:00  Factory Reactor, Marine  
  138  11:02  Factory Tech Lab  
  138  11:03  Barracks  
  141  11:04  Barracks  
  141  11:05  Barracks  
  141  11:14  Marine  
  141  11:15  Marauder x2  
  146  11:21  Marine x2, Marauder  
  154  11:33  Widow Mine x2  
  154  11:35  Planetary Fortress, SCV x2  
  154  11:36  Ghost, Marauder  
  154  11:37  Refinery  
  154  11:39  Refinery  
  160  11:42  Ghost  
  158  11:53  Marine  
  127  11:57  Ghost  
  114  12:04  Marine x4  
  114  12:05  Marauder  
  111  12:09  Marine x2  
  111  12:10  Widow Mine  
  111  12:11  Marine, Widow Mine, Marauder  
  118  12:22  Marine  
  115  12:23  Thor  
  115  12:26  Marauder  
  115  12:27  Marauder  
  115  12:28  Marine x3  
  125  12:32  Marauder  
  125  12:35  SCV x2  
  112  12:41  Marine x2  
  103  12:44  Marine x2  
  103  12:46  Marine  
  103  12:47  Marauder  
  103  12:48  Marauder  
  99  12:51  SCV x2  
  99  12:54  Marauder  
  99  12:56  SCV  
  93  12:59  Marine  
  93  13:02  Marine  
  93  13:03  SCV  
  92  13:09  Marauder x2  
  94  13:15  Marine x2, Marauder  
  94  13:18  Barracks Reactor  
  94  13:19  Barracks Tech Lab  
  97  13:28  Marine  
  97  13:29  Marine  
  97  13:30  Marauder  
  97  13:31  Marauder  
  98  13:36  Marauder  
  88  13:42  Marine x3, Marauder  
  88  13:46  Marine  
  88  13:48  Marine  
  84  13:52  Marauder x2  
  89  13:57  Orbital Command  
  89  13:58  Marauder  
  91  14:04  Marauder  
  91  14:09  Medivac x2  
  97  14:11  SCV  
  97  14:13  Marauder x2  
  98  14:19  Marauder  
  98  14:22  SCV  
  98  14:23  SCV  
  102  14:24  Ghost  
  104  14:33  Marine x4  
  104  14:34  SCV  
  109  14:39  Medivac x2  
  109  14:41  Refinery  
  113  14:48  Marine x2, Widow Mine x2  
  119  14:57  Ghost x2  
  123  15:02  Marine x4  
  127  15:08  Marine  
  127  15:09  Marine x3  
  127  15:11  SCV x2  
Tags
 
Add a new tag
Caveats
  • Supply blocks, unpowered buildings, or Contaminate may cause inaccurate times.
  • Supply counts are checked every 10 seconds.